 Dungeon Crawl Stone Soup version 0.25-a0-510-ge065f6de7d (webtiles) character file.

Game seed: 15297939645981727558, levelgen mode: deterministic

9368 hewge1 the Reanimator (level 11, -5/99 HPs)
             Began as a Deep Dwarf Necromancer on Feb 15, 2020.
             Was a Believer of Makhleb.
             Engulfed by an ice statue's freezing vapour (8 damage)
             ... in an ice cave.
             The game lasted 00:43:23 (14877 turns).

hewge1 the Reanimator (Deep Dwarf Necromancer)     Turns: 14877, Time: 00:43:23

Health: -5/99      AC: 10    Str: 12    XL:     11   Next: 22%
Magic:  16/22      EV: 16    Int: 22    God:    Makhleb [**....]
Gold:   592        SH:  2    Dex: 17    Spells: 10/25 levels left

rFire    + + .     SeeInvis .   S - +7 quarterstaff of Kougoin {flame, rN+ Int+3 Dex+4}
rCold    + . .     Gourm    .   (shield currently unavailable)
rNeg     + . .     Faith    .   m - +2 leather armour {rPois}
rPois    +         Spirit   .   (helmet restricted)
rElec    .         Reflect  +   o - scarf {rC+ rF+}
rCorr    .         Harm     .   B - +0 pair of gloves
MR       +....     Rnd*Tele +   (no boots)
Stlth    +++.......             F - +2 amulet of reflection
HPRegen  0.00/turn              p - ring of protection from fire
MPRegen  0.18/turn              M - +3 ring of protection

@: non-regenerating
A: damage resistance, heal wounds, antennae 1, rugged brown scales 1, sense
surroundings 2, teleportitis 1, no regeneration
a: Heal Wounds, Minor Destruction, Renounce Religion


You were in an ice cave.
You worshipped Makhleb.
Makhleb was pleased with you.
You were not hungry.

You visited 2 branches of the dungeon, and saw 12 of its levels.
You also visited: Ice Cave.

You collected 592 gold pieces.

Inventory:

Hand Weapons
 b - the +5 dagger of Mourning {speed, rC- Str+6}
   (You found it in an ice cave)

   Attacks with this weapon are significantly faster.
   It affects your strength (+6).
   It makes you vulnerable to cold.
 e - a +2 hand axe of venom
 s - a +4 vorpal scimitar
 v - a +0 dagger of speed
 D - a +0 dagger of draining
 R - a +0 vorpal hunting sling
 S - the +7 quarterstaff of Kougoin (weapon) {flame, rN+ Int+3 Dex+4}
   (You found it on level 9 of the Dungeon)

   It has been specially enchanted to burn those struck by it, causing extra
   injury to most foes and up to half again as much damage against particularly
   susceptible opponents.
   It affects your intelligence (+3).
   It affects your dexterity (+4).
   It protects you from negative energy.
 T - a +2 shortbow of freezing
 V - a +1 dagger of distortion
Missiles
 k - 36 poisoned darts (quivered)
 Y - 4 curare-tipped darts
Armour
 a - the +1 robe of Onalanuc {Dex+2}
   (You found it in an ice cave)

   It affects your dexterity (+2).
   If you switch to wearing this armour, your AC will decrease by 2 (10 -> 8).
 f - a +2 robe of magic resistance
 m - a +2 leather armour of poison resistance (worn)
 o - a scarf of resistance (worn)
 B - a +0 pair of gloves (worn)
Jewellery
 n - an uncursed amulet of the gourmand
 p - a ring of protection from fire (left hand)
 q - an uncursed ring of see invisible
 F - a +2 amulet of reflection (around neck)
 K - an uncursed amulet of faith
 M - a +3 ring of protection (right hand)
 W - a +2 ring of dexterity
Wands
 u - a wand of paralysis (9)
 x - a wand of disintegration (11)
 z - a wand of digging (6)
 Q - a wand of enslavement (8)
Scrolls
 j - 5 scrolls of amnesia
 l - a scroll of identify
 r - 3 scrolls of magic mapping {unknown}
 t - 10 scrolls of remove curse
 y - a scroll of enchant weapon {unknown}
 E - 4 scrolls of immolation {unknown}
 G - a scroll of fog {unknown}
 H - a scroll of torment {unknown}
 I - a scroll of enchant armour {unknown}
 L - a scroll of fear {unknown}
 O - 5 scrolls of blinking {unknown}
 P - a scroll of teleportation
Potions
 d - 2 potions of mutation
 g - 2 potions of curing
 h - a potion of flight {unknown}
 i - a potion of berserk rage {unknown}
 N - a potion of agility
 U - a potion of cancellation {unknown}
Comestibles
 c - 21 rations
 Z - 4 chunks of flesh


   Skills:
 + Level 6.0 Fighting
 - Level 3.8 Axes
 + Level 2.5 Staves
 - Level 5.0 Armour
 + Level 6.5 Dodging
 - Level 4.0 Stealth
 + Level 7.7 Spellcasting
 + Level 1.8 Summonings
 + Level 10.6 Necromancy
 + Level 3.5 Invocations
 + Level 3.7 Evocations


You had 10 spell levels left.
You knew the following spells:

 Your Spells              Type           Power        Failure   Level  Hunger
a - Pain                  Necr           ####         1%          1    None
b - Vampiric Draining     Necr           ######....   1%          3    None
c - Agony                 Necr           ######..     3%          5    #####..
d - Animate Dead          Necr           N/A          1%          4    ###....
e - Call Imp              Summ           ###.....     7%          2    None

Your spell library contained the following spells:

 Spells                   Type           Power        Failure   Level  Hunger
 Animate Skeleton         Necr           N/A          1%          1    None
 Summon Small Mammal      Summ           ###.         4%          1    None
 Corona                   Hex            #......      10%         1    None
 Infusion                 Chrm           #...         10%         1    None
 Shroud of Golubria       Chrm/Tloc      #.....       14%         2    None
 Slow                     Hex            #.......     14%         2    None
 Song of Slaying          Chrm           #.......     14%         2    None
 Call Canine Familiar     Summ           ###.....     14%         3    None
 Summon Guardian Golem    Hex/Summ       ##......     21%         3    None
 Inner Flame              Hex/Fire       #.......     28%         3    None
 Ozocubu's Armour         Chrm/Ice       #.......     28%         3    None
 Portal Projectile        Hex/Tloc       #.....       28%         3    None
 Spectral Weapon          Hex/Chrm       #.......     28%         3    None
 Summon Ice Beast         Ice/Summ       ##......     54%         4    ###....
 Summon Lightning Spire   Summ/Air       ##......     54%         4    ###....
 Cause Fear               Hex            #.........   67%         4    ###....
 Leda's Liquefaction      Hex/Erth       #.........   67%         4    ###....


Dungeon Overview and Level Annotations

Branches:
Dungeon (11/15)            Temple (1/1) D:6           IceCv (1/1)
   Lair: D:8-11         Orc: D:9-12

Altars:
Ashenzari
Cheibriados
Dithmenos
Elyvilon
Fedhas
Gozag
Hepliaklqana
Kikubaaqudgha
Makhleb
Nemelex Xobeh
Okawaru
Qazlal
Ru
Sif Muna
Trog
Uskayaw
Vehumet
Wu Jian
Xom
Yredelemnul
Zin
The Shining One

Shops:
D:5 %   D:8 %

Annotations:
IceCv exclusion: 3 ice statues


Innate Abilities, Weirdness & Mutations

You are resistant to damage.
You can heal yourself by infusing magical energy.
You passively map the area around you.
You do not regenerate.
You have a pair of small antennae on your head.
You are partially covered in rugged brown scales. (AC +1, +3% HP)
You are occasionally teleported next to monsters.


Message History

The ice beast is moderately wounded.
You are engulfed in freezing vapours.
You resist.
* * * LOW HITPOINT WARNING * * *
Your crimson imp is engulfed in freezing vapours.
Your crimson imp dies!
The ice statue gestures.
The ice beast closely misses you.
Your shadow imp is engulfed in freezing vapours.
Your shadow imp barely misses the ice beast.
You sock the ice beast!
You melt the ice beast.
The ice beast is severely wounded.
You are engulfed in freezing vapours.
You resist.
* * * LOW HITPOINT WARNING * * *
The ice beast hits you but does no damage.
Your shadow imp is engulfed in freezing vapours.
Your shadow imp hits the ice beast.
You barely miss the ice beast.
The ice beast is almost dead.
You are engulfed in freezing vapours.
You resist.
You die...

,,, , ,* *
, * ** +*
+* * # , ,
, *
#○#####, *
##○#○.[#,
,, ,,, ,
#8YY55[#,
, ,
##○#@..#,*
,, ,, #
##### , ,8
, ** , ,,,
,, * * , +
+ * , * ,
, ,, , , *
* *


You could see an ice statue, 2 ice beasts, a friendly white imp and a friendly
shadow imp.

Vanquished Creatures
  3 two-headed ogres
  Sonja (D:10)
  An unseen horror (D:11)
  A necromancer (IceCv)
  An ice devil (IceCv)
  2 trolls
  2 hippogriffs
  Sigmund (D:6)
  A spriggan (D:7)
  2 phantoms
  2 ice beasts
  3 orc warriors
  2 sky beasts
  4 ogres
  13 centaurs
  2 big kobolds
  4 bullfrogs
  A gnoll sergeant (D:8)
  3 scorpions
  6 killer bees (D:8)
  A howler monkey (D:6)
  7 crimson imps
  A centaur zombie (D:2)
  A quasit (D:7)
  6 hounds
  A bullfrog zombie (D:9)
  3 orc priests
  3 jellies
  A bullfrog skeleton (D:4)
  2 centaur skeletons
  10 orc wizards
  Jessica (D:3)
  An iguana (D:6)
  5 worker ants
  A hound skeleton (D:10)
  13 gnolls
  15 adders
  2 shadow imps
  4 oozes
  An adder zombie (D:7)
  3 adder skeletons
  A worm (D:3)
  9 dart slugs
  6 leopard geckos
  39 orcs
  A ball python (D:2)
  4 giant cockroaches
  8 hobgoblins
  4 jackals (D:3)
  17 kobolds
  2 quokkas
  11 bats
  10 frilled lizards
  10 goblins
  A jackal skeleton (D:4)
  5 rats
265 creatures vanquished.

Vanquished Creatures (others)
  An orc wizard (D:7)
  4 toadstools (D:1)
5 creatures vanquished.

Grand Total: 270 creatures vanquished

Notes
Turn   | Place    | Note
-------+----------+-------------------------------------------
     0 | D:1      | hewge1 the Deep Dwarf Necromancer began the quest for the
                  | Orb.
     0 | D:1      | Reached XP level 1. HP: 15/15 MP: 3/3
   191 | D:1      | Reached XP level 2. HP: 12/24 MP: 0/4
   689 | D:1      | Reached XP level 3. HP: 15/30 MP: 1/6
   740 | D:1      | Learned a level 3 spell: Vampiric Draining
   987 | D:1      | Reached skill level 1 in Fighting
  1457 | D:2      | Reached XP level 4. HP: 29/38 MP: 1/7
  1814 | D:2      | Reached skill level 5 in Necromancy
  2375 | D:2      | Reached XP level 5. HP: 30/45 MP: 4/8
  3078 | D:3      | Noticed an orc warrior
  3456 | D:3      | Noticed an ogre
  3799 | D:3      | Noticed Jessica
  3804 | D:3      | Killed Jessica
  3851 | D:3      | Killed an ogre
  3851 | D:3      | Reached XP level 6. HP: 39/55 MP: 0/10
  4102 | D:3      | Learned a level 5 spell: Agony
  5318 | D:4      | Reached skill level 1 in Armour
  5318 | D:4      | Reached XP level 7. HP: 31/62 MP: 5/12
  5701 | D:4      | Reached skill level 6 in Necromancy
  6130 | D:5      | Entered Level 5 of the Dungeon
  6464 | D:5      | Reached skill level 5 in Dodging
  6837 | D:5      | Found Aczeazos's Food Shop.
  6969 | D:5      | Reached XP level 8. HP: 66/72 MP: 12/14
  7157 | D:5      | Reached skill level 1 in Axes
  7548 | D:6      | Learned a level 4 spell: Animate Dead
  7671 | D:6      | Reached skill level 7 in Necromancy
  7873 | D:6      | Found a shadowy altar of Dithmenos.
  8324 | D:6      | Reached skill level 5 in Fighting
  8426 | D:6      | Noticed Sigmund
  8443 | D:6      | Killed Sigmund
  8443 | D:6      | Reached skill level 5 in Spellcasting
  8443 | D:6      | Gained mutation: You passively map the area around you.
                  | [Deep Dwarf growth]
  8443 | D:6      | Reached XP level 9. HP: 65/81 MP: 0/16
  8764 | D:6      | Found a staircase to the Ecumenical Temple.
  8770 | Temple   | Entered the Ecumenical Temple
  8858 | Temple   | Became a worshipper of Makhleb the Destroyer
  9157 | D:7      | Reached skill level 8 in Necromancy
  9532 | D:7      | Found a basalt altar of Yredelemnul.
  9759 | D:7      | Reached skill level 9 in Necromancy
 10686 | D:8      | Reached * piety under Makhleb
 10700 | D:8      | Reached XP level 10. HP: 15/88 MP: 2/20
 10876 | D:8      | Found Wadghel's Food Emporium.
 11048 | D:8      | Found a radiant altar of Vehumet.
 11148 | D:8      | Noticed a two-headed ogre
 11158 | D:8      | Killed a two-headed ogre
 11158 | D:8      | Reached skill level 10 in Necromancy
 11945 | D:9      | Got a brightly glowing quarterstaff
 11946 | D:9      | Identified the +7 quarterstaff of Kougoin {flame, rN+ Int+3
                  | Dex+4} (You found it on level 9 of the Dungeon)
 12143 | D:9      | Found a sparkling altar of Nemelex Xobeh.
 12189 | D:9      | Noticed a two-headed ogre
 12352 | D:9      | Killed a two-headed ogre
 12352 | D:9      | Reached skill level 1 in Staves
 12352 | D:9      | Reached skill level 1 in Invocations
 12352 | D:9      | Reached skill level 1 in Evocations
 12525 | D:9      | Found a shattered altar of Ashenzari.
 12531 | D:9      | Found a shadowy altar of Dithmenos.
 12532 | D:9      | Got a polished scale mail
 12533 | D:9      | Identified the cursed +0 scale mail of Foajilasa {rPois
                  | Dex-4 Stlth+} (You found it on level 9 of the Dungeon)
 12635 | D:9      | Found an ancient bone altar of Kikubaaqudgha.
 12635 | D:9      | Found an ornate altar of the Wu Jian Council.
 12636 | D:9      | Found a bloodstained altar of Trog.
 12638 | D:9      | Found a sacrificial altar of Ru.
 12929 | D:9      | Learned a level 2 spell: Call Imp
 13493 | D:10     | Entered Level 10 of the Dungeon
 13722 | D:10     | Found a blossoming altar of Fedhas.
 13748 | D:10     | Noticed Sonja
 13853 | D:10     | Noticed a two-headed ogre
 13864 | D:10     | Killed a two-headed ogre
 13990 | D:10     | Reached skill level 1 in Summonings
 14108 | D:10     | Reached ** piety under Makhleb
 14348 | D:10     | Killed Sonja
 14448 | D:11     | Noticed an unseen horror
 14455 | D:11     | Killed an unseen horror
 14455 | D:11     | Reached XP level 11. HP: 97/97 MP: 13/22
 14653 | D:11     | Found a frozen archway.
 14660 | IceCv    | Entered an ice cave
 14730 | IceCv    | Gained mutation: You are partially covered in rugged brown
                  | scales. (AC +1, +3% HP) [potion of mutation]
 14730 | IceCv    | Gained mutation: You are occasionally teleported next to
                  | monsters. [potion of mutation]
 14730 | IceCv    | Gained mutation: You have a pair of small antennae on your
                  | head. [potion of mutation]
 14747 | IceCv    | HP: 4/99 [ice statue/shard of ice (26)]
 14751 | IceCv    | HP: 1/99 [ice devil (6)]
 14754 | IceCv    | Noticed a necromancer
 14757 | IceCv    | Killed a necromancer
 14757 | IceCv    | Reached skill level 5 in Armour
 14760 | IceCv    | Got a thick robe
 14762 | IceCv    | Got a translucent dagger
 14785 | IceCv    | Identified the +1 robe of Onalanuc {Dex+2} (You found it in
                  | an ice cave)
 14795 | IceCv    | Identified the +5 dagger of Mourning {speed, rC- Str+6}
                  | (You found it in an ice cave)
 14876 | IceCv    | HP: 3/99 [ice statue] (5)]
 14877 | IceCv    | Engulfed by an ice statue's freezing vapour

Levels and vault maps discovered:
D:1:      ldierk_walled_garden_2, layout_basic, minmay_unequal
D:2:      layout_basic, first_ration
D:3:      layout_basic, uniq_jessica
D:4:      layout_cave_pools
D:5:      layout_basic, serial_shops, shop
D:6:      layout_basic, minmay_temple_entry_fiery, grunt_dithmenos_shadows,
          uniq_sigmund
D:7:      layout_gridville, kennysheep_little_box, dk_vineyard_3, the_bakery
D:8:      layout_basic, basic_altar, serial_shops, shop,
          chequers_serial_rivers_room_a
D:9:      layout_cave_pods, overflow_temple_1_default, minitemple,
          kennysheep_generic_room_10
D:10:     layout_irregular_city, serial_column_ruins, column_ruins_hut_pillars,
          column_ruins_square_huge, column_ruins_grid_1, column_ruins_grid_1,
          column_ruins_open_small, column_ruins_open_small,
          column_ruins_columns_straight, column_ruins_grid_1,
          column_ruins_grid_1, fedhas_altar_2, uniq_sonja
D:11:     layout_cave_pools, minmay_lair_entry_grove,
          portal_ice_cave_entry_pillars_1, guppyfry_shop_venom
Temple:   zaba_magenta_temple
IceCv:    ice_cave_tombish

Skill      XL: |  1  2  3  4  5  6  7  8  9 10 11 |
---------------+----------------------------------+-----
Spellcasting   | 2 3 4 5 7 |  7.7
Stealth        | 3 4 |  4.0
Fighting       | 1 2 3 5 6 |  6.0
Dodging        | 3 4 5 6 |  6.5
Necromancy     | 5 6 7 9 10 | 10.6
Armour         | 1 2 3 4 5 |  5.0
Axes           | 3 |  3.8
Staves         | 2 |  2.5
Invocations    | 3 |  3.5
Evocations     | 3 |  3.7
Summonings     | 1 |  1.8

Action                   |  1- 3 |  4- 6 |  7- 9 | 10-12 || total
-------------------------+-------+-------+-------+-------++-------
Melee: Unarmed           |     4 |       |       |       ||     4
       Dagger            |     3 |       |       |       ||     3
       Short sword       |    33 |   133 |    62 |       ||   228
       Hand axe          |       |       |   244 |    11 ||   255
       Quarterstaff      |       |       |       |    72 ||    72
 Cast: Pain              |    55 |    63 |    17 |    17 ||   152
       Vampiric Draining |     6 |    41 |   103 |    77 ||   227
       Call Imp          |       |       |       |     5 ||     5
       Agony             |       |       |       |     1 ||     1
Invok: Minor Destruction |       |       |       |     3 ||     3
 Abil: Heal Wounds       |       |       |       |     4 ||     4
Evoke: Wand              |       |       |       |     5 ||     5
  Use: Scroll            |       |     5 |     3 |     7 ||    15
       Potion            |       |       |     1 |     8 ||     9
 Stab: Sleeping          |     3 |     1 |     4 |       ||     8
  Eat: Chunk             |     3 |    26 |    15 |    10 ||    54
       Ration            |       |       |       |     1 ||     1
Armor: Robe              |     9 |    10 |       |       ||    19
       Leather armour    |       |    31 |   120 |    40 ||   191
Dodge: Dodged            |    39 |   114 |   272 |   187 ||   612
Block: Other             |       |       |     8 |    12 ||    20
       Reflection        |       |       |       |     2 ||     2

Table legend:
 A = Non-vault XP
 B = Vault XP
 C = Vault XP percentage of total XP
 D = Non-vault monster count
 E = Vault monster count
 F = Vault count percentage of total count
                 A         B        C        D         E       F
            +---------+---------+-------+---------+---------+-------
      Total |   10971 |    2413 |  18.0 |     253 |      13 |   4.9
            +---------+---------+-------+---------+---------+-------
        D:1 |      53 |       6 |  10.2 |      23 |       4 |  14.8
        D:2 |     272 |       0 |   0.0 |      26 |       0 |   0.0
        D:3 |     259 |      37 |  12.5 |      29 |       1 |   3.3
        D:4 |     411 |       0 |   0.0 |      30 |       0 |   0.0
        D:5 |     564 |       0 |   0.0 |      19 |       0 |   0.0
        D:6 |     946 |     360 |  27.6 |      24 |       2 |   7.7
        D:7 |    1791 |     211 |  10.5 |      39 |       1 |   2.5
        D:8 |    2080 |       0 |   0.0 |      27 |       0 |   0.0
        D:9 |    1694 |      40 |   2.3 |      10 |       1 |   9.1
       D:10 |    1313 |     827 |  38.6 |      14 |       2 |  12.5
       D:11 |    1588 |       0 |   0.0 |      12 |       0 |   0.0
      IceCv |       0 |     932 | 100.0 |       0 |       2 | 100.0
            +---------+---------+-------+---------+---------+-------
